 Dungeon Crawl Stone Soup version 0.17.0-18-gaab0e96 (webtiles) character file.

2044 4thArraOfDagon the Grappler (level 9, -27/79 HPs)
             Began as a Minotaur Monk on Nov 11, 2015.
             Was an Elder of Cheibriados.
             Annihilated by Maud
             ... wielding a +4 eveningstar of crushing
              (36 damage)
             ... on level 10 of the Dungeon.
             The game lasted 00:12:00 (2064 turns).

4thArraOfDagon the Grappler (Minotaur Monk)         Turns: 2064, Time: 00:12:01

Health: -27/79     AC:  9    Str: 25    XL:     9   Next: 4%
Magic:  3/11       EV: 13    Int: 19    God:    Cheibriados [****..]
Gold:   348        SH:  0    Dex: 22    Spells: 0 memorised, 8 levels left

rFire  . . .     SeeInvis .     v - +1 rod of the swarm (4/14)
rCold  . . .     Clarity  .     j - +0 chain mail
rNeg   . . .     SustAt   .     (no shield)
rPois  .         Gourm    .     (helmet restricted)
rElec  .         Spirit   .     x - +0 cloak
rCorr  .         Warding  .     (no gloves)
rMut   .         Stasis   .     (no boots)
MR     +....                    (no amulet)
Stlth  ..........               (no ring)
                                q - ring of protection from magic

@: very slow, somewhat resistant to hostile enchantments, extremely unstealthy
A: retaliatory headbutt, horns 2
a: Bend Time, Temporal Distortion, Slouch, Renounce Religion


You were on level 10 of the Dungeon.
You worshipped Cheibriados.
Cheibriados was greatly pleased with you.
You were very hungry.

You visited 2 branches of the dungeon, and saw 12 of its levels.

You collected 348 gold pieces.

Inventory:

Hand Weapons
 t - a +0 blowgun
Missiles
 r - 3 javelins of returning (quivered)
Armour
 j - a +0 chain mail (worn)
 x - a +0 cloak (worn)
Rods
 v - a +1 rod of the swarm (4/14) (weapon)
   (You found it on level 10 of the Dungeon)
Jewellery
 q - a ring of protection from magic (left hand)
Wands
 u - a wand of cold (1)
 w - a wand of flame (19)
Scrolls
 c - a scroll of magic mapping {unknown}
 d - 3 scrolls of remove curse
 e - a scroll of recharging {unknown}
 f - 2 scrolls of enchant armour {unknown}
 g - a scroll of noise {unknown}
 h - 3 scrolls of fear {unknown}
 n - a scroll of fog {unknown}
 y - 2 scrolls of identify
 A - a scroll of vulnerability {unknown}
Potions
 k - a potion of cancellation {unknown}
 l - a potion of heal wounds {unknown}
 m - a potion of flight {unknown}
 o - 2 potions of might {unknown}
 p - 3 potions of curing
 s - a potion of berserk rage
 z - a potion of degeneration {unknown}
Books
 i - a book of Flames

   Spells                             Type                      Level
   a - Flame Tongue                   Conjuration/Fire             1
   b - Throw Flame                    Conjuration/Fire             2
   c - Conjure Flame                  Conjuration/Fire             3
   d - Inner Flame                    Hexes/Fire                   3
   e - Sticky Flame                   Conjuration/Fire             4
   f - Fireball                       Conjuration/Fire             5
 C - an Akashic Record

   Spells                             Type                      Level
   a - Dispersal                      Translocation                6
   b - Malign Gateway                 Summoning/Translocation      7
   c - Disjunction                    Translocation                8
   d - Controlled Blink               Translocation                8
Comestibles
 a - 3 meat rations
 b - 5 bread rations


   Skills:
 + Level 7.1 Fighting
 + Level 6.7 Dodging
 - Level 1.5 Stealth
 * Level 9.1 Unarmed Combat
 + Level 4.4 Invocations
 * Level 2.6 Evocations


You had 8 spell levels left.
You didn't know any spells.

Dungeon Overview and Level Annotations

Branches:
Dungeon (11/15)            Temple (1/1) D:4
   Lair: D:8-11         Orc: D:9-12

Altars:
Ashenzari
Cheibriados
Dithmenos
Elyvilon
Fedhas
Gozag
Makhleb
Nemelex Xobeh
Okawaru
Qazlal
Sif Muna
Trog
Vehumet
Xom
Zin

Shops:
D:8 [

Annotations:
D:5 Blork the orc
D:10 Maud


Innate Abilities, Weirdness & Mutations

You reflexively headbutt those who attack you in melee.
You have a pair of horns on your head.


Message History

Here: Maud, wielding an eveningstar of crushing and wearing a chain mail The floor.
Unknown command.
Unknown command.
Unknown command.
Unknown command.
Drink which item? (? for menu, Esc to quit)
Okay, then.
Read which item? (? for menu, Esc to quit)
Okay, then.
Evoke which item? (* to show all) (? for menu, Esc to quit)
Okay, then.
Read which item? (? for menu, Esc to quit)
As you read the scroll labeled HAWUS NIOT, it crumbles to dust.
It is a scroll of brand weapon.
You aren't carrying any weapons that can be branded.
The centaur hits you.
* * * LOW HITPOINT WARNING * * *
Maud hits you with an eveningstar of crushing!!!
You die...

##+####### #.........
############ #.........
##<.........####s........
.#............##@c......%
.#..........#..#@........
............##.(..(......
##..........####.........
#..........# #(..(.....
##.######### ######+###
#.. ###. ##


You could see Maud, a centaur and a friendly spider.

Vanquished Creatures
  Maurice (D:10)
  Prince Ribbit (D:7)
  A wyvern (D:8)
  A black bear (D:10)
  2 ogres
  2 big kobolds
  A centaur (D:8)
  2 giant frogs
  A scorpion (D:5)
  A wyvern skeleton (D:8)
  A giant frog zombie (D:10)
  A crimson imp (D:5)
  A quasit (D:9)
  3 orc wizards
  An orc priest (D:9)
  A giant frog skeleton (D:10)
  3 hounds
  5 worker ants
  An iguana (D:9)
  10 adders
  3 gnolls (D:10)
  A shadow imp (D:5)
  An ooze (D:4)
  2 worms (D:3)
  5 giant geckos
  8 orcs
  4 bats
  4 hobgoblins
  A quokka (D:10)
  A ball python (D:2)
  2 giant cockroaches
  A giant newt (D:2)
  3 goblins
  12 kobolds
  2 rats (D:3)
90 creatures vanquished.

Notes
Turn   | Place    | Note
--------------------------------------------------------------
     0 | D:1      | 4thArraOfDagon the Minotaur Monk began the quest for the Orb.
     0 | D:1      | Reached XP level 1. HP: 19/19 MP: 0/0
   103 | D:1      | You fall through a shaft!
   143 | D:2      | Found a bloodstained altar of Trog.
   204 | D:2      | Reached XP level 2. HP: 9/27 MP: 1/1
   352 | D:3      | HP: 1/27 [adder (5)]
   354 | D:3      | Reached XP level 3. HP: 1/33 MP: 2/2
   396 | D:3      | Reached skill level 5 in Unarmed Combat
   409 | D:3      | Reached XP level 4. HP: 9/40 MP: 3/3
   537 | D:4      | Found a staircase to the Ecumenical Temple.
   547 | Temple   | Entered the Ecumenical Temple
   567 | Temple   | Became a worshipper of Cheibriados the Contemplative
   567 | Temple   | Reached * piety under Cheibriados
   567 | Temple   | Reached ** piety under Cheibriados
   635 | D:3      | Reached XP level 5. HP: 22/47 MP: 4/4
   884 | D:5      | Entered Level 5 of the Dungeon
   884 | D:5      | Noticed a centaur
   885 | D:5      | Noticed Blork the orc
   890 | D:4      | Reached skill level 6 in Unarmed Combat
   890 | D:4      | Reached skill level 1 in Invocations
   945 | D:5      | Noticed an ogre
   950 | D:5      | Killed an ogre
   950 | D:5      | Reached skill level 5 in Fighting
   950 | D:5      | Reached XP level 6. HP: 49/56 MP: 4/6
  1007 | D:5      | Reached skill level 5 in Dodging
  1173 | D:6      | Reached *** piety under Cheibriados
  1173 | D:6      | Reached skill level 7 in Unarmed Combat
  1173 | D:6      | Reached XP level 7. HP: 47/61 MP: 7/7
  1278 | D:7      | Noticed Prince Ribbit
  1282 | D:7      | Killed Prince Ribbit
  1321 | D:8      | Found Niunlehe's Antique Armour Shoppe.
  1346 | D:8      | Noticed a wyvern
  1351 | D:8      | Killed a wyvern
  1351 | D:8      | Reached skill level 8 in Unarmed Combat
  1351 | D:8      | Reached XP level 8. HP: 20/70 MP: 9/9
  1638 | D:10     | Entered Level 10 of the Dungeon
  1677 | D:10     | Identified a +1 rod of the swarm (14/14) (You found it on level 10 of the Dungeon)
  1735 | D:10     | Noticed Maurice
  1780 | D:10     | Killed Maurice
  1780 | D:10     | Reached skill level 1 in Evocations
  1798 | D:10     | Reached **** piety under Cheibriados
  1803 | D:10     | Reached skill level 9 in Unarmed Combat
  1980 | D:9      | Reached XP level 9. HP: 75/79 MP: 11/11
  2058 | D:10     | Noticed Maud
  2064 | D:10     | Annihilated by Maud

Action                   |  1- 3 |  4- 6 |  7- 9 || total
-------------------------+-------+-------+-------++-------
Melee: Unarmed           |    40 |    88 |    87 ||   215
Invok: Temporal Distorti |       |       |     2 ||     2
Evoke: Wand              |       |       |     5 ||     5
       Rod               |       |       |     3 ||     3
  Use: Potion            |     2 |       |       ||     2
       Scroll            |       |       |     5 ||     5
 Stab: Sleeping          |     2 |       |       ||     2
  Eat: Chunk             |       |       |     2 ||     2
